Map: Honorgrounds LE

Players

Elijen - Winner!

  • Race: Terran Terran
  • League: Silver
  • Spawn Location: 5:00

Troy

  • Race: Protoss Protoss
  • League: Silver
  • Spawn Location: 1:00

VOD

Have the link to the VOD?

Description

Time

  • Played on: March 31, 2017, 8:57 a.m.
  • Length: 30:59
Show
View Real Time Build Order
Export as new Build Order

Elijen Terran - Winner!

Build Orders: 1/1/1, Liberator Opening 

Get SALT Encoding   

  12  0:01  SCV  
  13  0:15  Supply Depot  
  13  0:19  SCV  
  14  0:27  Refinery  
  14  0:39  Barracks  
  14  0:44  SCV  
  15  0:56  SCV  
  16  1:07  Refinery  
  16  1:08  SCV  
  17  1:20  SCV  
  18  1:32  SCV  
  19  1:34  Factory  
  19  1:44  SCV  
  20  2:05  Orbital Command  
  20  2:06  Barracks Reactor  
  20  2:16  Supply Depot  
  20  2:21  Engineering Bay  
  20  2:25  Starport  
  20  2:32  SCV  
  21  2:48  SCV  
  22  2:54  Supply Depot  
  22  2:58  Missile Turret x2  
  22  3:00  SCV  
  23  3:12  SCV, Cyclone  
  27  3:20  Cyclone  
  30  3:36  SCV  
  31  3:47  Command Center  
  31  3:50  Liberator  
  31  4:00  Supply Depot  
  34  4:12  SCV  
  35  4:23  Supply Depot  
  35  4:24  SCV  
  35  4:29  Armory  
  36  4:36  Barracks Reactor  
  36  4:46  SCV  
  37  4:58  SCV  
  38  5:00  Liberator  
  38  5:06  Supply Depot  
  38  5:08  Cyclone x2  
  47  5:36  SCV x2  
  47  5:39  Refinery  
  49  5:46  Missile Turret  
  49  5:48  SCV x2  
  51  5:51  Terran Vehicle Weapons Level 1  
  51  5:58  Armory  
  51  6:04  Refinery  
  51  6:12  SCV x2  
  51  6:15  Cyclone  
  56  6:23  Liberator  
  56  6:24  SCV x2  
  56  7:00  Cyclone  
  39  7:19  Marine x2  
  21  7:54  Cyclone  
  24  8:17  Orbital Command  
  24  8:28  Command Center  
  18  9:01  Engineering Bay  
  18  9:07  Supply Depot  
  18  9:08  Supply Depot  
  18  9:09  Supply Depot  
  14  9:59  Planetary Fortress  
  14  10:01  Missile Turret  
  14  10:04  Missile Turret x2  
  14  10:24  Barracks  
  14  10:28  Barracks  
  14  10:39  SCV  
  15  10:51  SCV  
  16  11:08  Refinery  
  16  11:09  Refinery  
  16  11:13  Refinery  
  16  11:14  Refinery  
  16  11:18  SCV x2  
  16  11:19  Orbital Command  
  18  11:30  SCV  
  17  11:47  SCV  
  17  11:49  Marine  
  19  12:00  SCV  
  20  12:07  Marine  
  21  12:09  SCV  
  21  12:12  SCV  
  23  12:21  SCV  
  24  12:24  SCV  
  25  12:34  SCV  
  25  12:36  SCV  
  27  12:43  Refinery  
  27  12:45  Refinery  
  27  12:46  SCV  
  27  12:47  Marine  
  27  12:49  Bunker  
  29  12:55  SCV  
  30  13:02  Factory  
  30  13:04  Marine  
  31  13:07  SCV  
  31  13:09  Building Armor  
  31  13:11  SCV  
  33  13:22  Marine  
  33  13:23  SCV  
  35  13:41  SCV  
  35  13:42  Factory  
  35  13:45  Factory  
  36  13:50  Missile Turret  
  36  13:51  Missile Turret  
  36  13:53  SCV  
  37  13:56  SCV  
  37  14:00  Command Center  
  38  14:05  SCV  
  38  14:08  SCV  
  40  14:11  Factory Tech Lab  
  40  14:12  Marine  
  41  14:17  Bunker  
  41  14:26  SCV  
  41  14:27  SCV  
  41  14:30  Marine  
  44  14:31  Siege Tank  
  44  14:38  SCV  
  48  14:39  SCV  
  48  14:42  Missile Turret  
  48  14:44  Factory Tech Lab x2  
  49  14:58  Marine  
  53  15:14  Siege Tank  
  53  15:15  Siege Tank  
  53  15:19  Planetary Fortress  
  59  15:33  Marine  
  50  15:51  Marine  
  50  15:56  Missile Turret  
  50  15:58  Missile Turret  
  50  15:59  SCV x3  
  50  16:00  Missile Turret  
  50  16:01  Missile Turret  
  53  16:09  Marine  
  54  16:11  SCV x3  
  57  16:23  SCV x2  
  59  16:37  Cyclone x2  
  65  16:47  Missile Turret  
  65  16:54  Bunker  
  65  16:55  Bunker  
  65  16:58  Factory Tech Lab  
  65  17:02  Marine  
  65  17:06  Barracks Reactor, Missile Turret  
  64  17:20  Marine  
  63  17:28  Neosteel Frame  
  60  17:33  Missile Turret  
  59  17:42  SCV x2  
  59  17:43  SCV  
  62  17:49  Cyclone x2  
  68  17:54  SCV  
  69  18:02  Supply Depot  
  69  18:03  Supply Depot x2  
  69  18:08  Command Center  
  69  18:23  SCV x2, Cyclone x2  
  69  18:24  SCV  
  78  18:31  Supply Depot  
  78  18:32  Supply Depot x2  
  78  18:35  SCV x2  
  78  18:36  SCV  
  78  18:38  Widow Mine  
  78  18:41  Marine  
  84  18:47  SCV x2  
  86  18:48  SCV  
  93  18:55  Cyclone x2  
  93  18:59  SCV x2  
  93  19:00  SCV  
  93  19:01  Hi-Sec Auto Tracking  
  98  19:12  SCV x2  
  98  19:13  SCV  
  101  19:23  Siege Tank  
  101  19:24  SCV  
  103  19:27  Cyclone x2  
  109  19:34  Barracks x2  
  109  19:36  Barracks  
  109  19:38  Barracks  
  109  19:40  Engineering Bay  
  109  19:43  Armory  
  109  19:51  SCV x3  
  112  19:55  Siege Tank  
  112  19:57  Refinery  
  112  19:58  Refinery  
  112  19:59  Cyclone  
  118  20:03  SCV x3  
  106  20:32  Widow Mine  
  106  20:35  Command Center  
  104  20:53  Missile Turret x2  
  104  20:55  Marine x4  
  108  20:58  Terran Infantry Weapons Level 1  
  108  21:00  Engineering Bay  
  108  21:01  Widow Mine  
  110  21:05  Missile Turret  
  110  21:06  Missile Turret  
  110  21:08  Missile Turret  
  110  21:10  SCV x3  
  113  21:12  Marine  
  113  21:13  Marine x3  
  113  21:16  Planetary Fortress  
  114  21:18  Refinery  
  114  21:19  Missile Turret  
  114  21:20  Missile Turret  
  114  21:21  Refinery  
  111  21:26  Missile Turret  
  111  21:27  Missile Turret  
  111  21:29  Missile Turret  
  111  21:30  Marine  
  111  21:31  Marine x2  
  114  21:37  SCV  
  115  21:45  Widow Mine  
  117  21:49  SCV  
  118  21:59  Starport  
  118  22:01  Barracks Tech Lab, Starport  
  118  22:02  Barracks Tech Lab  
  118  22:03  Barracks Reactor  
  118  22:08  Barracks Reactor  
  118  22:10  Supply Depot  
  118  22:13  Widow Mine  
  118  22:14  Missile Turret  
  118  22:15  Refinery  
  120  22:16  Missile Turret  
  120  22:17  Planetary Fortress, Missile Turret  
  120  22:18  Refinery  
  120  22:21  SCV  
  120  22:22  SCV x2  
  123  22:31  Supply Depot  
  123  22:33  SCV, Supply Depot  
  123  22:34  Marine x2, SCV x2, Supply Depot  
  123  22:35  Combat Shields  
  123  22:36  Stimpack  
  128  22:39  Terran Infantry Armor Level 1  
  128  22:46  SCV x3, Missile Turret  
  128  22:47  Missile Turret  
  131  22:52  Marine x2  
  131  22:56  Supply Depot x2  
  131  22:58  SCV x3  
  136  23:00  Bunker  
  136  23:08  Marine  
  136  23:10  Marine, SCV x3  
  136  23:12  Starport Reactor x2  
  141  23:17  Starport  
  141  23:21  Missile Turret  
  141  23:22  Missile Turret x2  
  141  23:23  Missile Turret  
  141  23:26  Marine  
  142  23:42  Missile Turret  
  142  23:43  Marine  
  142  23:44  Missile Turret x2  
  142  23:45  Marine x2  
  142  23:46  Marine x2  
  142  23:47  Marine x2  
  149  23:49  Medivac  
  149  23:50  Medivac x3  
  157  23:59  Medivac  
  159  24:03  Command Center, Marine x2  
  159  24:04  Marine x4  
  165  24:13  Missile Turret x2  
  165  24:16  Missile Turret  
  165  24:19  Medivac x2  
  165  24:20  Medivac x2  
  165  24:21  Marine x2  
  165  24:22  Marine x2  
  165  24:23  Marine x2  
  179  24:29  Medivac  
  181  24:36  Missile Turret  
  181  24:39  Marine x2  
  181  24:40  Command Center, Marine x2  
  181  24:41  Marine x2  
  187  24:46  Terran Infantry Weapons Level 2  
  187  24:47  Terran Infantry Armor Level 2  
  187  24:49  Medivac x2  
  187  24:50  Medivac x2  
  195  25:04  Supply Depot  
  195  25:15  Marine x5  
  200  25:28  Supply Depot  
  200  25:34  Command Center  
  200  25:52  Supply Depot  
  200  25:55  Command Center  
  200  25:58  Marine  
  195  26:23  Orbital Command  
  195  26:25  Orbital Command  
  195  26:34  Marine x5  
  193  27:17  Marine x5  
  193  27:18  Marine  
  196  27:35  Marine x4  
  191  28:28  SCV x6  
  197  28:40  SCV x2  
Show
View Real Time Build Order
Export as new Build Order

Troy Protoss 

Build Orders: 1 Gate Expand 

Get SALT Encoding   

  12  0:01  Probe (Chrono Boost)  
  13  0:14  Pylon  
  13  0:18  Probe (Chrono Boost)  
  15  0:28  Probe (Chrono Boost)  
  15  0:37  Gateway  
  15  0:44  Assimilator  
  15  0:47  Probe (Chrono Boost)  
  16  0:57  Probe (Chrono Boost)  
  17  1:08  Probe (Chrono Boost)  
  19  1:18  Probe (Chrono Boost)  
  19  1:32  Nexus  
  19  1:42  Cybernetics Core  
  19  1:48  Assimilator  
  18  2:04  Probe (Chrono Boost)  
  19  2:15  Probe (Chrono Boost)  
  20  2:25  Warp Gate  
  20  2:26  Mothership Core (Chrono Boost)  
  22  2:36  Pylon  
  22  2:44  Probe (Chrono Boost), Adept  
  23  2:49  Probe (Chrono Boost)  
  26  2:54  Probe (Chrono Boost)  
  27  3:00  Probe (Chrono Boost)  
  27  3:02  Twilight Council  
  27  3:05  Probe (Chrono Boost)  
  29  3:10  Probe (Chrono Boost)  
  30  3:15  Pylon, Probe (Chrono Boost)  
  31  3:21  Probe (Chrono Boost)  
  31  3:26  Probe (Chrono Boost)  
  33  3:31  Probe (Chrono Boost)  
  34  3:36  Probe (Chrono Boost)  
  34  3:39  Resonating Glaives, Robotics Facility  
  35  3:49  Gateway  
  35  3:51  Probe (Chrono Boost)  
  35  3:52  Probe (Chrono Boost)  
  37  3:59  Pylon  
  37  4:01  Adept  
  37  4:02  Probe x2 (Chrono Boost)  
  41  4:12  Pylon  
  41  4:13  Probe x2 (Chrono Boost)  
  43  4:22  Gateway  
  43  4:23  Gateway  
  43  4:28  Observer  
  44  4:42  Gateway  
  44  4:43  Gateway  
  44  4:46  Gateway  
  44  4:53  Warp Prism  
  44  4:54  Gateway  
  46  5:19  Assimilator  
  46  5:20  Pylon x2  
  46  6:04  Charge  
  46  6:06  Pylon  
  46  6:08  Pylon  
  46  6:16  Pylon  
  46  6:18  Pylon  
  46  6:20  Adept  
  46  6:21  Adept x3  
  46  6:22  Adept x3  
  55  6:42  Adept x4  
  55  6:43  Adept x3  
  65  7:06  Adept x3  
  65  7:07  Adept x3  
  64  7:28  Zealot x3  
  70  7:54  Probe x2 (Chrono Boost)  
  68  8:32  Stalker x2  
  60  8:51  Stalker  
  48  9:19  Stalker  
  48  9:23  Probe x2 (Chrono Boost)  
  50  9:47  Stalker  
  52  9:57  Stalker  
  55  10:07  Probe (Chrono Boost)  
  55  10:20  Probe (Chrono Boost)  
  56  10:25  Probe (Chrono Boost)  
  57  10:31  Probe (Chrono Boost)  
  58  10:39  Stalker  
  58  10:42  Probe (Chrono Boost)  
  61  11:00  Stalker x2  
  61  11:20  Assimilator  
  61  11:32  Stalker x4  
  69  11:33  Stalker  
  71  12:00  Stargate  
  71  12:03  Stargate  
  71  12:15  Nexus, Stalker  
  73  12:19  Stalker  
  75  12:56  Pylon  
  75  12:58  Pylon  
  75  13:01  Pylon  
  75  13:13  Void Ray x2  
  83  13:37  Assimilator  
  83  14:13  Void Ray x2  
  91  14:20  Observer  
  92  14:37  Pylon  
  92  14:40  Pylon  
  92  14:59  Adept x6  
  104  15:00  Adept x2  
  41  16:12  Void Ray  
  41  16:13  Void Ray  
  49  16:35  Stargate  
  49  16:49  Zealot x2  
  49  16:50  Zealot x5  
  49  16:51  Zealot  
  65  16:55  Void Ray x2  
  45  17:38  Void Ray x2  
  49  17:47  Protoss Air Weapons Level 1  
  49  18:10  Nexus  
  49  18:14  Pylon  
  49  18:17  Pylon  
  49  18:19  Pylon  
  49  18:25  Adept x4  
  49  18:26  Adept x2  
  61  18:29  Zealot  
  61  18:30  Zealot  
  65  18:37  Void Ray  
  65  18:38  Void Ray x2  
  77  18:49  Zealot  
  77  18:52  Zealot  
  81  19:00  Adept x2  
  85  19:06  Zealot  
  87  19:10  Zealot  
  89  19:20  Void Ray x2  
  89  19:21  Void Ray  
  101  19:34  Dark Shrine  
  101  19:41  Probe (Chrono Boost)  
  101  19:42  Protoss Air Armor Level 1  
  102  19:52  Probe (Chrono Boost)  
  103  19:54  Assimilator  
  103  20:02  Probe (Chrono Boost)  
  88  20:13  Probe (Chrono Boost)  
  69  20:23  Probe (Chrono Boost)  
  62  20:35  Zealot  
  62  20:36  Zealot x5  
  62  20:37  Zealot x2  
  74  20:57  Dark Templar x5  
  74  20:58  Dark Templar  
  74  21:00  Zealot  
  74  21:01  Zealot  
  90  21:09  Void Ray  
  46  21:38  Probe (Chrono Boost)  
  43  21:49  Probe (Chrono Boost)  
  44  21:57  Stargate  
  44  21:59  Probe (Chrono Boost)  
  45  22:07  Fleet Beacon  
  45  22:10  Probe (Chrono Boost)  
  46  22:19  Nexus  
  46  22:20  Probe (Chrono Boost)  
  47  22:23  Pylon  
  47  22:26  Pylon  
  47  22:28  Pylon  
  47  22:31  Pylon  
  47  22:34  Assimilator  
  47  22:44  Assimilator  
  47  23:01  Mothership Core (Chrono Boost)  
  49  23:34  Carrier  
  55  24:00  Assimilator  
  55  24:07  Dark Templar x2  
  59  24:10  Zealot  
  59  24:11  Zealot x3  
  59  24:12  Zealot x2  
  71  24:31  Nexus  
  71  24:33  Carrier  
  77  24:40  Assimilator  
  77  24:43  Assimilator  
  77  24:53  Carrier  
  83  25:08  Assimilator  
  83  25:20  Carrier  
  88  25:44  Dark Templar x3  
  70  26:12  Void Ray x2  
  78  26:18  Void Ray  
  78  26:21  Zealot x4  
  78  26:22  Zealot x2  
  94  26:28  Probe (Chrono Boost)  
  95  26:39  Dark Templar, Probe (Chrono Boost)  
  98  26:40  Dark Templar  
  98  26:41  Dark Templar  
  96  26:49  Probe (Chrono Boost)  
  81  27:00  Void Ray, Probe (Chrono Boost)  
  82  27:11  Probe (Chrono Boost)  
  63  27:16  Dark Templar  
  63  27:18  Dark Templar  
  61  27:36  Dark Templar  
  57  27:37  Dark Templar  
  53  27:54  Dark Templar  
  55  28:22  Pylon  
  55  28:25  Pylon, Probe (Chrono Boost)  
  56  28:28  Pylon  
  56  28:32  Pylon  
  56  28:35  Pylon, Probe (Chrono Boost)  
  56  28:39  Pylon  
  51  28:42  Pylon  
  51  28:46  Probe (Chrono Boost)  
  52  28:53  Zealot  
  52  28:54  Zealot  
  56  28:57  Probe (Chrono Boost)  
  57  29:07  Probe (Chrono Boost)  
  54  29:16  Pylon  
  54  29:18  Pylon  
  54  29:23  Pylon  
  50  29:26  Pylon  
  50  29:29  Pylon  
  49  29:33  Pylon  
  49  29:35  Pylon  
  49  29:37  Gateway  
  49  29:39  Forge  
  49  29:42  Cybernetics Core  
  49  29:43  Probe (Chrono Boost)  
  50  29:54  Probe (Chrono Boost)  
  40  30:04  Probe (Chrono Boost)  
  37  30:15  Probe (Chrono Boost)  
  37  30:17  Photon Cannon  
  37  30:19  Photon Cannon  
  37  30:21  Photon Cannon  
  38  30:24  Photon Cannon  
  38  30:25  Probe (Chrono Boost)  
  38  30:27  Photon Cannon  
  39  30:32  Photon Cannon  
  36  30:36  Probe (Chrono Boost)  
Tags
 
Add a new tag
Caveats
  • Supply blocks, unpowered buildings, or Contaminate may cause inaccurate times.
  • Supply counts are checked every 10 seconds.